 Dungeon Crawl Stone Soup version 0.31-a0-1424-g2add1c7226 (webtiles) character file.

Game seed: 720161405743161972

4290 Laraso the Basher (level 10, -1/92 HPs)
             Began as an Oni Cinder Acolyte on Dec 27, 2023.
             Was an Elder of Ignis.
             Slain by a vampire mosquito (7 damage)
             ... on level 8 of the Dungeon.
             The game lasted 00:14:43 (11571 turns).

Laraso the Basher (Oni Cinder Acolyte)             Turns: 11571, Time: 00:14:45

Health: -1/92      AC: 15    Str: 20    XL:     10   Next: 32%
Magic:  3/14       EV:  9    Int: 19    God:    Ignis [****..]
Gold:   460        SH:  0    Dex:  4    Spells: 13/15 levels left

rFire   + + .        a - +0 dire flail (drain)
rCold   x . .        (shield currently unavailable)
rNeg    . . .        C - +0 robe
rPois   .            (helmet restricted)
rElec   .            H - +0 cloak
rCorr   .            (gloves unavailable)
SInv    .            (boots unavailable)
Will    +....        r - amulet of the acrobat
Stlth   +            n - ring of fire
HPRegen 0.35/turn    D - +4 ring of protection
MPRegen 0.14/turn

%: acrobat
@: fiery-armoured
A: large, unfitting armour, horns 1, tough skin 1, double potion healing,
drunken brawling
a: Renounce Religion, Fiery Armour, Foxfire Swarm, Rising Flame


You were on level 8 of the Dungeon.
You worshipped Ignis.
Ignis was greatly pleased with you.
You visited 1 branch of the dungeon, and saw 8 of its levels.
You also visited: Sewer.

You collected 460 gold pieces.

Inventory:

Hand Weapons
 a - a +0 dire flail of draining (weapon)
 b - a +2 giant spiked club
Armour
 C - a +0 robe (worn)
 H - a +0 cloak (worn)
Jewellery
 n - a ring of fire (left hand)
 r - an amulet of the acrobat (around neck)
 y - a +6 ring of dexterity
 D - a +4 ring of protection (right hand)
 I - a ring of wizardry
Wands
 g - a wand of charming (10)
 v - a wand of iceblast (11)
 E - a wand of flame (5)
Scrolls
 c - 2 scrolls of poison
 d - a scroll of immolation
 i - 7 scrolls of blinking
 k - 2 scrolls of revelation
 m - 5 scrolls of teleportation
 p - 2 scrolls of fear
 q - a scroll of silence
 t - a scroll of butterflies {unknown}
 x - a scroll of noise {unknown}
 A - a scroll of fog
 B - 2 scrolls of vulnerability {unknown}
Potions
 e - a potion of ambrosia {unknown}
 f - 5 potions of enlightenment
 h - a potion of lignification {unknown}
 j - a potion of degeneration {unknown}
 l - a potion of resistance {unknown}
 o - a potion of heal wounds {unknown}
 u - 2 potions of brilliance {unknown}
 w - a potion of mutation {unknown}
 z - 3 potions of attraction {unknown}
 F - a potion of berserk rage {unknown}
 G - a potion of cancellation {unknown}


   Skills:
 - Level 4.0 Fighting
 * Level 14.5 Maces & Flails
 - Level 3.0 Spellcasting
 - Level 3.0 Fire Magic


You had 13 spell levels left.
You knew the following spells:

 Your Spells              Type           Power      Damage    Failure   Level
a - Scorch                Fire           42%        2d6       7%          2

Your spell library contained the following spells:

 Spells                   Type           Power      Damage    Failure   Level
 Apportation              Tloc           4%         N/A       16%         1
 Necrotise                Necr           8%         1d4       16%         1
 Sting                    Conj/Alch      8%         1d3       16%         1
 Summon Small Mammal      Summ           8%         N/A       16%         1
 Jinxbite                 Hex            4%         N/A       22%         2
 Alistair's Intoxication  Alch           1%         N/A       99%         5


Dungeon Overview and Level Annotations

Branches:
Dungeon (8/15)             Temple (0/1) D:5            Lair (0/5) D:8
  Sewer (visited)

Altars:
Qazlal
Ru
Uskayaw
Yredelemnul
The Shining One

Shops:
D:5 (


Innate Abilities, Weirdness & Mutations

You are too large for most types of armour.
You have a pair of small horns on your head.
You have tough skin. (AC +1)
You gain doubled healing and magic from potions.
Whenever you drink a healing potion, you attack all around you.


Message History

The vampire mosquito is lightly damaged.
The vampire mosquito bites you but does no damage.
The vampire mosquito is burned by your cloak of flames.
The vampire mosquito is moderately damaged.
You closely miss the vampire mosquito.
The vampire mosquito is moderately damaged.
The vampire mosquito bites you but does no damage.
You closely miss the vampire mosquito.
Your headbutt misses the vampire mosquito.
The vampire mosquito is moderately damaged.
The vampire mosquito closely misses you.
You closely miss the vampire mosquito.
The vampire mosquito is moderately damaged.
The vampire mosquito barely misses you.
You impale the vampire mosquito!!
You destroy the vampire mosquito!
You miss the vampire mosquito.
The vampire mosquito is heavily damaged.
The vampire mosquito barely misses you. The vampire mosquito bites you.
* * * LOW HITPOINT WARNING * * *
The vampire mosquito draws strength from your injuries!
The vampire mosquito is burned terribly!
The vampire mosquito is burned by your cloak of flames.
The vampire mosquito is heavily damaged.
You barely miss the vampire mosquito.
Your headbutt misses the vampire mosquito.
The vampire mosquito is heavily damaged.
The vampire mosquito misses you.
You barely miss the vampire mosquito.
Your headbutt misses the vampire mosquito.
The vampire mosquito is heavily damaged.
The vampire mosquito is no longer more vulnerable to fire.
The vampire mosquito closely misses you.
Casting: Scorch (safe; 7% risk of failure)
Confirm with . or Enter, or press ? or * to list all spells.
You feel a surge of power!
Flames lash the vampire mosquito.
The vampire mosquito is almost destroyed.
The vampire mosquito's fire resistance burns away.
The vampire mosquito bites you!
You die...

##.....## ......
#.......# #.#..#
#..)....## #.#..#
.........###.#..#
.........'...#..#
....>.....##.#..# .
.........###...## ...
......P..# ##..####.....
#.......## ###.y@.......
#.......#......##+#.....
##.....##....... ###
###.).###...<....
..................
######.............
...))..........#..
######.........
#.###'..?


You could see a vampire mosquito (combustible).

Vanquished Creatures
  Pikel (D:3)
  5 yaks (D:5)
  A warg (D:7)
  A steam dragon (D:7)
  2 vampire mosquitoes (D:8)
  Menkaure (D:5)
  Edmund (D:6)
  A water moccasin (D:7)
  3 ice beasts
  2 black bears
  A sky beast (D:7)
  2 crocodiles (Sewer)
  An ogre (D:6)
  3 wolves
  A lemure (D:3)
  A phantom (D:6)
  A bullfrog (D:7)
  2 scorpions
  2 howler monkeys
  3 bombardier beetles
  A jelly (D:6)
  2 hounds
  2 orc priests
  Crazy Yiuf (D:7)
  2 sleepcaps
  2 iguanas
  3 orc wizards
  Natasha (twice) (D:4)
  A sickly merfolk siren (Sewer)
  A malarious merfolk avatar (Sewer)
  Robin (D:2)
  15 adders
  2 shadow imps (D:7)
  A white imp (D:5)
  2 ufetubi (D:6)
  2 worms
  8 dart slugs (D:5)
  10 orcs
  15 ball pythons
  10 bats
  8 endoplasms
  4 giant cockroaches
  14 goblins
  13 hobgoblins
  2 quokkas
  7 frilled lizards
  8 kobolds
  45 rats
219 creatures vanquished.

Notes
Turn   | Place    | Note
-------+----------+-------------------------------------------
     0 | D:1      | Laraso the Oni Cinder Acolyte began the quest for the Orb.
     0 | D:1      | Reached XP level 1. HP: 24/24 MP: 2/2
   106 | D:1      | Reached XP level 2. HP: 32/32 MP: 2/4
   186 | D:1      | Learned a level 2 spell: Scorch
   932 | D:1      | Reached XP level 3. HP: 38/39 MP: 0/5
  1664 | D:2      | Reached skill level 4 in Maces & Flails
  1779 | D:2      | Reached XP level 4. HP: 48/48 MP: 4/7
  1995 | D:2      | Noticed Robin
  2002 | D:2      | Killed Robin
  2209 | D:3      | Found a glowing drain.
  2313 | Sewer    | Entered a sewer
  2493 | Sewer    | Reached XP level 5. HP: 40/54 MP: 2/9
  2699 | Sewer    | Noticed a crocodile
  2718 | Sewer    | Killed a crocodile
  2719 | Sewer    | Reached skill level 5 in Maces & Flails
  2719 | Sewer    | Reached XP level 6. HP: 11/62 MP: 1/10
  2970 | Sewer    | Reached skill level 6 in Maces & Flails
  3304 | D:3      | Found a faded altar of an unknown god.
  4166 | D:4      | Reached skill level 7 in Maces & Flails
  4166 | D:4      | Reached XP level 7. HP: 69/70 MP: 2/11
  4531 | D:4      | Noticed Pikel
  4603 | D:3      | Killed Pikel
  4604 | D:3      | Reached skill level 9 in Maces & Flails
  4604 | D:3      | Reached XP level 8. HP: 34/78 MP: 1/12
  5377 | D:4      | Noticed Natasha
  5382 | D:4      | Killed Natasha
  5919 | D:4      | Noticed Natasha
  5922 | D:4      | Killed Natasha
  5973 | D:5      | Entered Level 5 of the Dungeon
  6295 | D:5      | Reached skill level 10 in Maces & Flails
  6441 | D:5      | Found a staircase to the Ecumenical Temple.
  6794 | D:5      | Found a faded altar of an unknown god.
  6794 | D:5      | Found a sacrificial altar of Ru.
  6802 | D:5      | Found a hide-covered altar of Uskayaw.
  6804 | D:5      | Found a basalt altar of Yredelemnul.
  6806 | D:5      | Found a stormy altar of Qazlal.
  7054 | D:5      | Found Ruaxzud's Antique Weapon Boutique.
  7147 | D:5      | Noticed Menkaure
  7157 | D:5      | Killed Menkaure
  7583 | D:6      | Reached skill level 11 in Maces & Flails
  7648 | D:6      | Noticed a yak
  7654 | D:6      | Noticed a yak
  7655 | D:6      | Noticed a yak
  7657 | D:6      | Noticed a yak
  7658 | D:6      | Noticed a yak
  7669 | D:5      | Killed a yak
  7670 | D:5      | Reached XP level 9. HP: 57/84 MP: 2/13
  8027 | D:5      | Reached skill level 12 in Maces & Flails
  8627 | D:6      | Found a glowing golden altar of the Shining One.
  8995 | D:6      | Noticed Edmund
  9004 | D:6      | Killed Edmund
  9005 | D:6      | Reached skill level 13 in Maces & Flails
  9424 | D:7      | Identified the +1 rapier of Spite {drain, Stlth+}
  9671 | D:7      | Reached XP level 10. HP: 74/92 MP: 7/14
 10057 | D:7      | Reached skill level 14 in Maces & Flails
 10342 | D:7      | Found a runed translucent door.
 10343 | D:7      | Noticed Crazy Yiuf
 10703 | D:7      | Killed Crazy Yiuf
 11188 | D:8      | HP: 4/92 [wolf[Grum] (6)]
 11193 | D:8      | HP: 3/92 [wolf[Grum] (5)]
 11520 | D:8      | Found a staircase to the Lair.
 11571 | D:8      | Slain by a vampire mosquito

Illustrated notes

Levels and vault maps discovered:
D:1:      shiori_shiawase, layout_loops_cross, st_stairs_10,
          hangedman_decor_points, serial_bayou_pond_d, minivault_11
D:2:      layout_loops_cross, uniq_robin
D:3:      layout_basic, nicolae_ecumenical_lake_church,
          cheibrodos_sewer_entry_sluice
D:4:      layout_layer_cave, abandoned_shop, uniq_pikel, uniq_natasha
D:5:      kennysheep_slugbush, layout_basic,
          chequers_temple_overflow_minitemple, minmay_temple_entry_water_ring,
          serial_shops, shop, kennysheep_generic_room_11, uniq_menkaure
D:6:      layout_layer_cave, tso_oasis_becter, uniq_edmund
D:7:      layout_loops_ring, minmay_misc_feat_chi, uniq_crazy_yiuf_cottage
D:8:      layout_basic, fiery_altar_vehumet, erik_lair_orcish_takeover,
          uniq_grum, uniq_joseph, uniq_erica

Skill      XL: |  1  2  3  4  5  6  7  8  9 10 |
---------------+-------------------------------+-----
Fire Magic     | 3 |  3.0
Spellcasting   | 2 3 |  3.0
Maces & Flails | 4 5 7 9 11 13 14 | 14.5
Fighting       | |  4.0

Action                     |  1- 3 |  4- 6 |  7- 9 | 10-12 || total
---------------------------+-------+-------+-------+-------++-------
  Melee: Mace              |    59 |   115 |     6 |       ||   180
         Headbutt          |     4 |    10 |    14 |    10 ||    38
         Whip              |       |       |    30 |       ||    30
         Flail             |       |       |    27 |       ||    27
         Punch             |       |       |     1 |       ||     1
         Dire flail        |       |       |     7 |    87 ||    94
   Cast: Scorch            |    25 |    55 |   135 |    35 ||   250
 Invoke: Fiery Armour      |       |     2 |     1 |     1 ||     4
    Use: Scroll            |     4 |     1 |     2 |     3 ||    10
         Potion            |       |     2 |       |     4 ||     6
 Armour: Robe              |    55 |   111 |   105 |   100 ||   371
  Dodge: Dodged            |    30 |    67 |    76 |    67 ||   240

Table legend: (Time is in decaauts)
 A = Elapsed time spent in this place.
 B = Non-inter-level travel time spent in this place.
 C = Inter-level travel time spent in this place.
 D = Time resting spent in this place.
 E = Time spent auto-exploring this place.
 F = Levels seen in this place.
 G = Mean time per level.
                   A        B        C        D        E       F      G
               +--------+--------+--------+--------+--------+-----+--------+
         Total |  11553 |  11304 |    249 |   2249 |   7402 |   9 | 1283.7 |
       Dungeon |  10692 |  10443 |    249 |   1978 |   7141 |   8 | 1336.5 |
         Sewer |    861 |    861 |      0 |    271 |    261 |   1 |  861.0 |
               +--------+--------+--------+--------+--------+-----+--------+

Top non-repeatable levels by time:
     D:5: 1951 daAuts
     D:7: 1816 daAuts
     D:4: 1786 daAuts
     D:3: 1259 daAuts
     D:2: 1185 daAuts
     D:6: 1167 daAuts
     D:1: 1041 daAuts
   Sewer: 861 daAuts
     D:8: 484 daAuts
